 Dungeon Crawl Stone Soup version 0.26.1-10-gdfb7c7de75 (webtiles) character file.

Game seed: 2980411428567726560

252 ytrimaz the Skirmisher (level 5, -4/51 HPs)
             Began as a Minotaur Berserker on Apr 10, 2021.
             Was a Believer of Trog.
             Killed by nerve-wracking pain
             ... invoked by Grinder
              (9 damage)
             ... on level 3 of the Dungeon.
             The game lasted 00:06:11 (2497 turns).

ytrimaz the Skirmisher (Minotaur Berserker)         Turns: 2497, Time: 00:06:11

Health: -4/51      AC:  4    Str: 22    XL:     5   Next: 89%
Magic:  4/4        EV: 12    Int:  4    God:    Trog [**....]
Gold:   101        SH:  0    Dex: 12    Spells: 4/4 levels left

rFire    . . .     SeeInvis .   a - +0 hand axe
rCold    + + .     Faith    .   (no shield)
rNeg     . . .     Spirit   .   n - +0 robe {rC+ rF+}
rPois    .         Reflect  .   (helmet restricted)
rElec    .         Harm     .   (no cloak)
rCorr    .         Rampage  .   (no gloves)
Will     .....                  (no boots)
Stlth    +.........             (no amulet)
HPRegen  0.17/turn              m - ring of ice
MPRegen  0.09/turn              (no ring)

@: brilliant, berserk cooldown, hasted and slowed
A: retaliatory headbutt, horns 2, icy blue scales 1, agile 1, wild magic 1,
MP-powered wands
a: Renounce Religion, Berserk, Trog's Hand


You were on level 3 of the Dungeon.
You worshipped Trog.
Trog was pleased with you.
You visited 1 branch of the dungeon, and saw 3 of its levels.

You collected 101 gold pieces.

Inventory:

Hand Weapons
 a - a +0 hand axe (weapon)
Armour
 b - a +0 animal skin
 j - a cursed +0 kite shield
 n - a +0 robe of resistance (worn)
 p - a +1 scale mail of willpower
Jewellery
 m - a ring of ice (left hand)
Wands
 i - a wand of flame (15)
Scrolls
 c - 2 scrolls of remove curse {unknown}
 d - 2 scrolls of enchant armour {unknown}
 h - 3 scrolls of identify {unknown}
 k - a scroll of teleportation {unknown}
 l - 3 scrolls of enchant weapon {unknown}
 o - a scroll of blinking {unknown}


   Skills:
 * Level 6.5 Fighting
 + Level 5.6 Axes
 + Level 2.9 Armour
 - Level 2.2 Dodging


You had 4 spell levels left.
You didn't know any spells.
Your spell library was empty.

Dungeon Overview and Level Annotations

Branches:
Dungeon (3/15)

Altars:
Dithmenos
Gozag
Makhleb

Annotations:
D:3 Grinder


Innate Abilities, Weirdness & Mutations

You reflexively headbutt those who attack you in melee.
You have a pair of horns on your head.
You are partially covered in icy blue scales. (AC +2)
You are agile. (Dex +2)
Your spells are a little harder to cast, but a little more powerful.
You expend magic power (3 MP) to strengthen your wands.


Message History

You writhe in agony.
You closely miss something. Your headbutt misses something.
Something completely misses you. Something hits you!
* * * LOW HITPOINT WARNING * * *
You writhe in agony.
* * * LOW HITPOINT WARNING * * *
It was a potion of brilliance.
You feel clever all of a sudden. Something barely misses you.
Unknown command.
It was a potion of mutation.
You feel extremely strange.
You feel less in control of your magic.
Icy blue scales grow over part of your body.
You feel agile.
You feel your magical essence link to the dungeon's wands.
Something hits you but does no damage. x2
Unknown command.
It was a potion of haste.
You feel yourself speed up. Pain shoots through your body!
You die...

.... #.##....##... ....
### #.##.#.####.. .....
'.# #.......##... .....
#.# ###..........
......#.# ##.###..##.
ยง.....#.## #.# #.###.
..!......#####.###.##.)
#####..#.>...>.......
#..{@..#.##..####.#..
#.####.#.##..##.....(
#. #.............### #.
#..#.##.#####.### #.
#..#.##.# ...... #.
#..#.##.# ...#.. #.
#..#.##.# ###.### #.
........# .....
##..#.########.#.#


There were no monsters in sight!

Vanquished Creatures
  Jessica (D:2)
  Natasha (thrice) (D:2)
  An orc wizard (D:3)
  Terence (D:3)
  4 adders
  4 dart slugs
  2 leopard geckos
  3 orcs (D:3)
  2 giant cockroaches (D:1)
  3 goblins
  7 hobgoblins
  4 jackals (D:1)
  2 kobolds
  10 bats
  6 frilled lizards
  8 rats
61 creatures vanquished.

Notes
Turn   | Place    | Note
-------+----------+-------------------------------------------
     0 | D:1      | ytrimaz the Minotaur Berserker began the quest for the Orb.
     0 | D:1      | Reached XP level 1. HP: 19/19 MP: 0/0
   106 | D:1      | Reached skill level 4 in Fighting
   108 | D:1      | Reached XP level 2. HP: 16/27 MP: 1/1
   435 | D:1      | Reached XP level 3. HP: 27/34 MP: 2/2
   844 | D:2      | Found a burning altar of Makhleb.
   906 | D:2      | Noticed Natasha
   913 | D:2      | Killed Natasha
   913 | D:2      | Reached ** piety under Trog
   914 | D:2      | Reached skill level 5 in Fighting
   914 | D:2      | Reached XP level 4. HP: 42/42 MP: 3/3
   947 | D:2      | Noticed Jessica
   957 | D:2      | Killed Jessica
  1242 | D:2      | Noticed Natasha
  1246 | D:2      | Killed Natasha
  1371 | D:2      | Found an opulent altar of Gozag.
  1459 | D:2      | Reached XP level 5. HP: 50/50 MP: 4/4
  1493 | D:2      | Noticed Natasha
  1503 | D:2      | Killed Natasha
  1504 | D:2      | Reached skill level 6 in Fighting
  1504 | D:2      | Reached skill level 5 in Axes
  2282 | D:3      | Found a shadowy altar of Dithmenos.
  2462 | D:3      | Noticed Grinder
  2462 | D:3      | Noticed Terence
  2483 | D:3      | Killed Terence
  2496 | D:3      | Gained mutation: Your spells are a little harder to cast,
                  | but a little more powerful. [potion of mutation]
  2496 | D:3      | Gained mutation: You are partially covered in icy blue
                  | scales. (AC +2) [potion of mutation]
  2496 | D:3      | Gained mutation: You are agile. (Dex +2) [potion of
                  | mutation]
  2496 | D:3      | Gained mutation: You expend magic power (3 MP) to
                  | strengthen your wands. [potion of mutation]
  2497 | D:3      | Killed from afar by Grinder

Illustrated notes

Levels and vault maps discovered:
D:1:      giann_forest_graveyard, layout_basic, st_stairs_1,
          kennysheep_another_room, chequers_garden, minmay_misc_feat_iff
D:2:      layout_rooms, nicolae_gozag_cash_rules_everything_around_me,
          lemuel_crystal_altar, roderic_serpentine_path, uniq_jessica,
          uniq_natasha
D:3:      gammafunk_steamed_eel, layout_basic, nicolae_dithmenos_shadow_blocks,
          uniq_terence, uniq_grinder, uniq_robin

Skill      XL: |  1  2  3  4  5 |
---------------+----------------+-----
Fighting       | 4 5 6 |  6.5
Axes           | 4 5 |  5.6
Armour         | |  2.9
Dodging        | |  2.2

Action                   |  1- 3 |  4- 6 || total
-------------------------+-------+-------++-------
Melee: Hand axe          |    54 |    71 ||   125
       Headbutt          |     5 |     5 ||    10
Invok: Berserk           |     1 |     3 ||     4
  Use: Potion            |       |     3 ||     3
 Stab: Sleeping          |       |     2 ||     2
Armor: Animal skin       |    18 |     5 ||    23
       Robe              |       |     3 ||     3
Dodge: Dodged            |    58 |    52 ||   110
